 Dungeon Crawl Stone Soup version 0.31.0-9-g3a7656b989 (webtiles) character file.

Game seed: 18082683122812301554

323 qw the Skirmisher (level 6, -3/32 HPs)
             Began as a Deep Elf Hunter on Feb 2, 2024.
             Shot with an arrow by a centaur (4 damage)
             ... on level 3 of the Dungeon.
             The game lasted 00:00:07 (1569 turns).

qw the Skirmisher (Deep Elf Hunter)                 Turns: 1569, Time: 00:00:07

Health: -3/32      AC:  6    Str: 10    XL:     6   Next: 23%
Magic:  8/8        EV: 11    Int: 14    God:
Gold:   64         SH:  0    Dex: 18    Spells: 5/5 levels left

rFire   + . .        a - +0 shortbow
rCold   . . .        (shield currently unavailable)
rNeg    . . .        j - +0 ring mail {rF+}
rPois   +            g - +0 helmet
rElec   .            (no cloak)
rCorr   .            (no gloves)
SInv    .            (no boots)
Will    .....        (no amulet)
Stlth   +            d - ring of poison resistance
HPRegen 0.00/turn    (no ring)
MPRegen 0.11/turn

%: no passive effects
@: inhibited regen
A: frail 1, inhibited regeneration
a: no special abilities


You were on level 3 of the Dungeon.
You visited 1 branch of the dungeon, and saw 3 of its levels.

You collected 64 gold pieces.


Innate Abilities, Weirdness & Mutations

You are frail. (-10% HP)
You do not regenerate when monsters are visible.


   Skills:
 - Level 2.8 Fighting
 - Level 14.9 Ranged Weapons
 + Level 0.0 Armour
 - Level 3.0 Dodging
 - Level 1.2 Stealth


You had 5 spell levels left.
You didn't know any spells.
Your spell library was empty.

Inventory:

Hand Weapons
 a - a +0 shortbow (weapon)
Armour
 b - +0 fire dragon scales
 g - a +0 helmet (worn)
 j - a +0 ring mail of fire resistance (worn)
Jewellery
 d - a ring of poison resistance (left hand)
Scrolls
 c - a scroll of identify
Potions
 f - a potion of haste {unknown}
 h - a potion of lignification {unknown}
 i - a potion of resistance

Dungeon Overview and Level Annotations

Branches:
Dungeon (3/15)

Altars:

Shops:
D:1 ??=

Annotations:
D:3 3 runed translucent doors, qw's ghost, amateur DjHu


Message History

The kobold shouts!
You hear a shout!
The kobold shouts!
Qw's ghost turns its malevolent gaze towards you.
The kobold shouts! x2; You hear a shout! x2
Found a helmet.
The kobold shouts! x3
The kobold shouts!
A centaur and an adder come into view.
Found 11 gold pieces.
The centaur shouts!
The adder hisses angrily.
The centaur moves out of view.
You shoot an arrow.
The arrow hits the adder but does no damage.
You shoot an arrow. The arrow hits the adder.
The adder is heavily wounded.
You shoot an arrow. The arrow misses the adder.
You shoot an arrow. The arrow hits the adder!
You kill the adder!
The centaur wields a +1 orcbow of freezing.
It is covered in frost.
The centaur shoots an arrow.
The arrow hits you! The arrow freezes you.
Your Dodging skill increases to level 3!
You shoot an arrow. The arrow hits the centaur!
The centaur is moderately wounded.
The centaur shoots an arrow.
The arrow hits you. The arrow freezes you.
You shoot an arrow.
The arrow hits the centaur but does no damage.
The centaur is moderately wounded.
The centaur shoots an arrow.
The arrow hits you. The arrow freezes you.
You shoot an arrow. The arrow hits the centaur!
The centaur is severely wounded.
The centaur shoots an arrow.
The arrow barely misses you.
The centaur shoots an arrow.
The arrow hits you! The arrow freezes you.
You shoot an arrow. The arrow barely misses the centaur.
The centaur shoots an arrow.
The arrow closely misses you.
You shoot an arrow.
The arrow hits the centaur but does no damage.
The centaur is severely wounded.
The centaur shoots an arrow.
The arrow hits you.
You die...

#........ ......
####....... .......
#......... .......
.##.......c .......
.''....... #.#.#.#
#...... #.#.#.#
.##....%##########.#.#.#
.'.....@................
.##.##+++##.######.#.###
###KKKKW### #.#...#
#K#KKK#K#######.....#
#}.#K#KK#..........##
#.#...#.#...........#
##.....##...........#
##.[$##............#
#####.............#


You could see a kobold brigand, a centaur, qw's ghost and 11 kobolds.

Vanquished Creatures
  Sigmund (D:2)
  An orc priest (D:3)
  A gnoll (D:1)
  An adder (D:3)
  A ribbon worm (D:2)
  2 dart slugs (D:1)
  2 orcs (D:3)
  6 ball pythons
  4 endoplasms
  A giant cockroach (D:3)
  2 goblins (D:1)
  5 hobgoblins
  3 jackals (D:1)
  5 kobolds
  2 quokkas
  6 bats
  4 frilled lizards
  5 rats
52 creatures vanquished.

Notes
Turn   | Place    | Note
-------+----------+-------------------------------------------
     0 | D:1      | qw the Deep Elf Hunter began the quest for the Orb.
     0 | D:1      | Reached XP level 1. HP: 12/12 MP: 3/3
     0 | D:1      | 0 ||| qw: Version: 0.3-a-155-g5e7d8dd
     0 | D:1      | 0 ||| qw: Game counter: 145
     0 | D:1      | 0 ||| qw: Melee chars always use a shield: true
     0 | D:1      | 0 ||| qw: God list: Okawaru
     0 | D:1      | 0 ||| qw: Allow faded altars: false
     0 | D:1      | 0 ||| qw: Do Orc after clearing Dungeon:15 true
     0 | D:1      | 0 ||| qw: Do second Lair branch before Depths: true
     0 | D:1      | 0 ||| qw: Lair rune preference: random
     0 | D:1      | 0 ||| qw: Goals: Normal
     0 | D:1      | 0 ||| PLANNING D:1-11
    14 | D:1      | Reached skill level 6 in Ranged Weapons
    14 | D:1      | Reached XP level 2. HP: 16/16 MP: 4/4
   274 | D:1      | Reached XP level 3. HP: 20/20 MP: 5/5
   342 | D:1      | Found Nofamm's Magic Scroll Shop.
   353 | D:1      | 353 ||| SHOPLISTING scroll of enchant weapon (82 gold, have
                  | 9).
   442 | D:1      | Found Laejekem's Jewellery Shop.
   451 | D:1      | 451 ||| SHOPLISTING +6 ring of dexterity (468 gold, have
                  | 9).
   451 | D:1      | 451 ||| SHOPLISTING amulet of regeneration (390 gold, have
                  | 9).
   451 | D:1      | 451 ||| SHOPLISTING ring of Qamm {+Blink rCorr Int-2 Dex+9
                  | Stlth+} (669 gold, have 9).
   451 | D:1      | 451 ||| SHOPLISTING ring of Sehin {Will- rCorr Int+4 Dex+2
                  | Stlth+} (496 gold, have 9).
   451 | D:1      | 451 ||| SHOPLISTING ring of ice (325 gold, have 9).
   451 | D:1      | 451 ||| SHOPLISTING ring of resist corrosion (260 gold,
                  | have 9).
   451 | D:1      | 451 ||| SHOPLISTING ring of willpower (325 gold, have 9).
   499 | D:1      | Found Bixiv's Magic Scroll Shop.
   539 | D:1      | 539 ||| SHOPLISTING scroll of enchant weapon (75 gold, have
                  | 9).
   539 | D:1      | 539 ||| SHOPLISTING scroll of identify (20 gold, have 9).
   539 | D:1      | 539 ||| SHOPLISTING scroll of teleportation (30 gold, have
                  | 9).
   554 | D:1      | Reached skill level 7 in Ranged Weapons
   690 | D:1      | 690 ||| UPGRADING to +0 helmet.
   695 | D:1      | 695 ||| UPGRADING to +0 ring mail of fire resistance.
   705 | D:1      | 705 ||| DROPPING +0 leather armour.
   706 | D:1      | 706 ||| UPGRADING to ring of poison resistance.
   707 | D:1      | 707 ||| READING scroll labelled FELOOMUAST.
   708 | D:1      | 708 ||| DRINKING 2 sapphire potions.
   709 | D:1      | 709 ||| DROPPING scroll of butterflies.
   877 | D:2      | Noticed Sigmund
   883 | D:2      | 883 ||| DRINKING glowing red potion.
   883 | D:2      | Gained mutation: You are frail. (-10% HP) [potion of
                  | mutation]
   883 | D:2      | Gained mutation: You do not regenerate when monsters are
                  | visible. [potion of mutation]
   884 | D:2      | 884 ||| DRINKING black potion.
   884 | D:2      | Reached skill level 14 in Ranged Weapons
   884 | D:2      | Reached XP level 4. HP: 22/22 MP: 6/6
   897 | D:2      | Killed Sigmund
   898 | D:2      | Reached XP level 5. HP: 11/28 MP: 7/7
   898 | D:2      | Reached XP level 6. HP: 13/32 MP: 8/8
  1384 | D:2      | 1384 ||| READING scroll labelled IMIMNYG JOCK.
  1385 | D:2      | 1385 ||| READING scroll labelled ELISOA XUAVUROI.
  1385 | D:2      | 1385 ||| IDENTIFYING bubbling silvery potion
  1386 | D:2      | 1386 ||| READING scroll labelled XOSO WANADGH.
  1391 | D:2      | 1391 ||| DROPPING potion of degeneration.
  1551 | D:3      | Found a runed translucent gate.
  1552 | D:3      | Found a runed translucent gate.
  1553 | D:3      | Found a runed translucent gate.
  1553 | D:3      | Noticed qw's ghost (amateur DjHu)
  1565 | D:3      | Reached skill level 3 in Dodging
  1567 | D:3      | HP: 4/32 [centaur/arrow (7)]
  1567 | D:3      | HP: 1/32 [centaur/arrow (3)]
  1569 | D:3      | Shot with an arrow by a centaur

Levels and vault maps discovered:
D:1:      grunt_arrival_crossed_arrows, layout_loops_cross, serial_shops,
          nicolae_square_shop, nicolae_shop_crystal,
          nicolae_shop_tiny_statue_garden
D:2:      layout_loops_cross, uniq_sigmund
D:3:      layout_basic, ebering_ecumenical_altar_sacrificial, serial_rivers,
          chequers_serial_rivers_large_b, chequers_serial_rivers_large_a,
          chequers_serial_rivers_micro_d, chequers_serial_rivers_micro_b,
          gammafunk_ghost_nasty_kobolds, minmay_goblin_outpost

Skill      XL: |  1  2  3  4  5  6 |
---------------+-------------------+-----
Ranged Weapons | 6 14 | 14.9
Fighting       | 2 |  2.8
Dodging        | 3 |  3.0
Stealth        | |  1.2

Action                     |  1- 3 |  4- 6 || total
---------------------------+-------+-------++-------
   Fire: Shortbow          |    94 |    55 ||   149
    Use: Potion            |     3 |       ||     3
         Scroll            |     1 |     3 ||     4
 Armour: Leather armour    |    15 |       ||    15
         Ring mail         |     1 |     9 ||    10
  Dodge: Dodged            |    31 |     9 ||    40

Table legend:
 A = Non-vault XP
 B = Vault XP
 C = Vault XP percentage of total XP
 D = Non-vault monster count
 E = Vault monster count
 F = Vault count percentage of total count
                 A         B        C        D         E       F
            +---------+---------+-------+---------+---------+-------
      Total |     155 |     223 |  59.0 |      51 |       1 |   1.9
            +---------+---------+-------+---------+---------+-------
        D:1 |      69 |       0 |   0.0 |      33 |       0 |   0.0
        D:2 |      21 |     223 |  91.4 |      11 |       1 |   8.3
        D:3 |      65 |       0 |   0.0 |       7 |       0 |   0.0
            +---------+---------+-------+---------+---------+-------
